 Dungeon Crawl Stone Soup version 0.24.0-1-gfbc8707122 (webtiles) character file.

Game seed: 13739054972680111918, levelgen mode: deterministic

709 Aviak the Chopper (level 7, -2/96 HPs)
             Began as a Hill Orc Gladiator on Oct 26, 2019.
             Slain by a phantom (6 damage)
             ... on level 4 of the Dungeon.
             The game lasted 00:04:19 (3007 turns).

Aviak the Chopper (Hill Orc Gladiator)              Turns: 3007, Time: 00:04:20

Health: -2/96      AC:  6    Str: 22    XL:     7   Next: 68%
Magic:  7/7        EV: 12    Int: 10    God:
Gold:   195        SH:  0    Dex: 12    Spells: 6/6 levels left

rFire    . . .     SeeInvis +   a - +0 war axe
rCold    . . .     Gourm    .   (no shield)
rNeg     . . .     Faith    .   m - +0 ring mail
rPois    +         Spirit   .   c - +0 helmet
rElec    .         Reflect  .   (no cloak)
rCorr    .         Harm     .   (no gloves)
MR       .....                  (no boots)
Stlth    ..........             (no amulet)
HPRegen  0.26/turn              P - ring of poison resistance
MPRegen  0.10/turn              Z - ring of see invisible

@: berserking, lethally poisoned (-2 -> -2), hasted, very quick
A: no striking features
a: no special abilities


You were on level 4 of the Dungeon.
You were not hungry.

You visited 1 branch of the dungeon, and saw 4 of its levels.

You collected 195 gold pieces.

Inventory:

Hand Weapons
 a - a +0 war axe (weapon)
Missiles
 d - 3 throwing nets (quivered) {!f}
Armour
 b - a +0 leather armour
 c - a +0 helmet (worn)
 m - a +0 ring mail (worn)
Jewellery
 v - an uncursed ring of ice
 P - a ring of poison resistance (left hand)
 Z - a ring of see invisible (right hand)
Scrolls
 e - 3 scrolls of remove curse {unknown}
 h - a scroll of amnesia {unknown}
 i - 8 scrolls of teleportation {unknown}
 j - 2 scrolls of fog {unknown}
 k - a scroll of immolation {unknown}
 n - 3 scrolls of identify {unknown}
 q - 4 scrolls of enchant weapon {unknown}
 r - a scroll of blinking {unknown}
 t - a scroll of enchant armour {unknown}
Potions
 l - a potion of agility
 o - a potion of flight
Comestibles
 f - 9 rations
 w - 5 chunks of flesh


   Skills:
 + Level 6.7 Fighting
 + Level 7.9 Axes
 - Level 1.7 Throwing
 + Level 2.4 Armour
 - Level 3.1 Dodging


You had 6 spell levels left.
You didn't know any spells.
Your spell library was empty.

Dungeon Overview and Level Annotations

Branches:
Dungeon (4/15)
 Temple: D:4-7

Altars:
Nemelex Xobeh
Yredelemnul

Annotations:
D:4 Ijyb


Message History

The phantom is heavily damaged.
The phantom hits you but does no damage.
You miss the phantom.
The phantom is heavily damaged.
You barely miss the phantom.
The phantom is heavily damaged.
The phantom completely misses you.
You hit the phantom.
The phantom is heavily damaged.
The phantom hits you.
* * * LOW HITPOINT WARNING * * *
You slash the phantom!
The phantom is almost destroyed.
You feel sick.
The phantom hits you but does no damage.
Unknown command.
You miss the phantom.
The phantom is almost destroyed.
The phantom hits you.
You die...

#.# #..†......+.........# ###[#
#.##......#########.# ..#.#
#.#.......<†......#.# #.#.#
#.#........##.....#.#
#.#.######(#.##'###.##.......##
#..........#....# #...........#
###.########################.##
#.# #####○.##).'...##.# #.#
#.§§§@W..÷.#...##.# #.#
#.§○.......##..##.# #.#
##§####'#####..##.# #.# #.
#....#...##.#### #.# #.
#(...#...##..... ##
########.†####### #..##..#..#
+......'..# ##8..8##..#


You could see a phantom.

Vanquished Creatures
  Sigmund (D:2)
  An ogre (D:4)
  2 orc priests (D:2)
  A hound (D:4)
  2 iguanas (D:4)
  Natasha (thrice) (D:3)
  An orc wizard (D:2)
  2 worker ants (D:4)
  4 gnolls (D:4)
  5 adders
  An adder skeleton (D:4)
  5 worms
  3 leopard geckos
  3 orcs
  3 giant cockroaches (D:2)
  10 goblins
  3 hobgoblins
  4 jackals (D:4)
  7 kobolds
  3 quokkas
  3 ball pythons
  A bat (D:2)
  9 frilled lizards
  2 rats
79 creatures vanquished.

Notes
Turn   | Place    | Note
-------+----------+-------------------------------------------
     0 | D:1      | Aviak the Hill Orc Gladiator began the quest for the Orb.
     0 | D:1      | Reached XP level 1. HP: 18/18 MP: 1/1
   204 | D:1      | Reached XP level 2. HP: 16/25 MP: 2/2
  1005 | D:2      | Found a basalt altar of Yredelemnul.
  1007 | D:2      | Found a sparkling altar of Nemelex Xobeh.
  1011 | D:2      | Reached XP level 3. HP: 27/31 MP: 3/3
  1369 | D:2      | Reached skill level 5 in Axes
  1369 | D:2      | Reached XP level 4. HP: 34/39 MP: 4/4
  1374 | D:2      | Reached XP level 5. HP: 17/46 MP: 5/5
  1602 | D:2      | Noticed Sigmund
  1611 | D:2      | Killed Sigmund
  1611 | D:2      | Reached skill level 5 in Fighting
  1611 | D:2      | Reached skill level 6 in Axes
  1611 | D:2      | Reached XP level 6. HP: 41/56 MP: 6/6
  2187 | D:3      | Noticed Natasha
  2193 | D:3      | Killed Natasha
  2193 | D:3      | Reached skill level 7 in Axes
  2198 | D:3      | Noticed Natasha
  2204 | D:3      | Killed Natasha
  2350 | D:3      | Noticed Natasha
  2363 | D:3      | Killed Natasha
  2363 | D:3      | Reached XP level 7. HP: 40/63 MP: 7/7
  2568 | D:4      | Reached skill level 1 in Armour
  2988 | D:4      | Noticed Ijyb
  3006 | D:4      | HP: 4/96 [poisoned by a worker ant]
  3007 | D:4      | Slain by a phantom

Levels and vault maps discovered:
D:1:      minmay_arrival_glassed_features, layout_basic, lemuel_another_geyser
D:2:      layout_basic, grunt_temple_overflow_open, kennysheep_generic_room_10,
          uniq_sigmund
D:3:      layout_rooms, first_ration, uniq_natasha
D:4:      minmay_chambers_of_twos, layout_basic, uniq_ijyb

Skill      XL: |  1  2  3  4  5  6  7 |
---------------+----------------------+-----
Fighting       | 3 4 5 6 |  6.7
Axes           | 5 6 7 |  7.9
Dodging        | 3 |  3.1
Armour         | 2 |  2.4
Throwing       | |  1.7

Action                   |  1- 3 |  4- 6 |  7- 9 || total
-------------------------+-------+-------+-------++-------
Melee: War axe           |    97 |    84 |    96 ||   277
  Use: Potion            |     1 |     1 |     8 ||    10
  Eat: Chunk             |     2 |     2 |     3 ||     7
Armor: Leather armour    |    28 |       |       ||    28
       Ring mail         |     4 |    21 |    31 ||    56
Dodge: Dodged            |    62 |    59 |    61 ||   182
